 Dungeon Crawl Stone Soup version 0.26.1-12-g5ba1501909 (webtiles) character file.

Game seed: 10079051687107774730

710 Zeld the Conjurer (level 7, -1/57 HPs)
             Began as a Red Draconian Conjurer on Nov 1, 2021.
             Slain by a killer bee (3 damage)
             ... on level 4 of the Dungeon.
             The game lasted 00:08:23 (5631 turns).

Zeld the Conjurer (Red Draconian Conjurer)          Turns: 5631, Time: 00:08:23

Health: -1/57      AC:  7    Str:  9    XL:     7   Next: 40%
Magic:  0/12       EV: 13    Int: 20    God:
Gold:   248        SH:  0    Dex: 10    Spells: 1/12 levels left

rFire    + . .     SeeInvis .   (no weapon)
rCold    . . .     Faith    .   (no shield)
rNeg     . . .     Spirit   .   (armour unavailable)
rPois    .         Reflect  .   (helmet restricted)
rElec    .         Harm     .   p - +0 cloak
rCorr    .         Rampage  .   (no gloves)
Will     .....                  (no boots)
Stlth    ++........             (no amulet)
HPRegen  0.19/turn              (no ring)
MPRegen  0.13/turn              (no ring)

@: lethally poisoned (-1 -> -25), short of breath
A: breathe fire, unfitting armour, fire resistance 1, cold-blooded, AC +6
a: Breathe Fire


You were on level 4 of the Dungeon.
You visited 1 branch of the dungeon, and saw 5 of its levels.

You collected 248 gold pieces.

Inventory:

Armour
 p - a +0 cloak (worn)
Jewellery
 s - an uncursed ring of flight {unknown}
Wands
 l - a wand of paralysis (10)
 n - a wand of iceblast (10)
 q - a wand of disintegration (9)
Scrolls
 a - 4 scrolls of remove curse {unknown}
 b - a scroll of amnesia {unknown}
 c - a scroll of teleportation {unknown}
 d - a scroll of fear {unknown}
 e - a scroll of magic mapping {unknown}
 f - 2 scrolls of fog {unknown}
 i - 3 scrolls of identify {unknown}
 j - 4 scrolls of enchant armour {unknown}
 o - a scroll of immolation {unknown}
Potions
 g - a potion of invisibility {unknown}
 h - a potion of degeneration {unknown}
 k - 2 potions of curing {unknown}
 m - a potion of might {unknown}
 r - a potion of haste {unknown}


   Skills:
 + Level 3.1 Fighting
 + Level 3.2 Dodging
 + Level 3.4 Stealth
 + Level 3.3 Spellcasting
 * Level 5.9 Conjurations
 + Level 2.2 Hexes
 + Level 1.0 Translocations


You had one spell level left.
You knew the following spells:

 Your Spells              Type           Power        Failure   Level
a - Magic Dart            Conj           100%         1%          1
b - Searing Ray           Conj           54%          1%          2
c - Fulminant Prism       Conj/Hex       9%           26%         4
d - Iskenderun's Mystic   Conj/Tloc      17%          32%         4

Your spell library contained the following spells:

 Spells                   Type           Power        Failure   Level
 Animate Skeleton         Necr           6%           14%         1
 Pain                     Necr           12%          14%         1
 Dazzling Flash           Conj/Hex       38%          8%          3
 Vampiric Draining        Necr           1%           38%         3
 Animate Dead             Necr           1%           80%         4
 Agony                    Necr           3%           98%         5


Dungeon Overview and Level Annotations

Branches:
Dungeon (5/15)
 Temple: D:4-7

Altars:
Okawaru
Qazlal
Zin


Innate Abilities, Weirdness & Mutations

You can breathe blasts of fire.
Your fiery red scales are hard. (AC +6)
You cannot fit into any form of body armour.
Your flesh is heat resistant. (rF+)
You are cold-blooded and may be slowed by cold attacks.


Message History

The killer bee stings you but does no damage.
The killer bee stings you.
* * * LOW HITPOINT WARNING * * *
You are lethally poisoned!
The killer bee poisons you!
* * * LOW HITPOINT WARNING * * *
You feel sick. The killer bee barely misses you. x2
Unknown command.
* * * LOW HITPOINT WARNING * * *
You feel sick. The killer bee barely misses you.
* * * LOW HITPOINT WARNING * * *
You feel sick. The killer bee stings you.
* * * LOW HITPOINT WARNING * * *
You are more poisoned.
The killer bee poisons you!
You miss the killer bee.
The killer bee is severely wounded.
* * * LOW HITPOINT WARNING * * *
You feel sick. The killer bee stings you.
You die...

........##.[.#
........##...#
........##...#
........##...#
###.....##...#####
................>#
################.#
.....# #######y#
.....# #(.....@#
^....# #.......#
.....# #.......#
.....# #######.#
.....# #.# .....#
#.# .....# #.#
.....####### #.#
........)..# #.#


You could see a killer bee.

Vanquished Creatures
  A phantom (D:3)
  2 ogres (D:4)
  4 killer bees
  2 howler monkeys (D:4)
  Crazy Yiuf (D:3)
  A worker ant (D:4)
  A gnoll (D:1)
  5 adders
  2 river rats (D:3)
  3 worms
  2 dart slugs (D:3)
  2 leopard geckos
  6 orcs
  3 ball pythons (D:3)
  11 bats
  5 giant cockroaches
  5 goblins
  6 hobgoblins
  2 jackals (D:1)
  6 kobolds
  A quokka (D:4)
  5 frilled lizards
  A quokka skeleton (D:4)
  6 rats
83 creatures vanquished.

Vanquished Creatures (others)
  A fulminant prism (D:5)
1 creature vanquished.

Grand Total: 84 creatures vanquished

Notes
Turn   | Place    | Note
-------+----------+-------------------------------------------
     0 | D:1      | Zeld the Draconian Conjurer began the quest for the Orb.
     0 | D:1      | Reached XP level 1. HP: 14/14 MP: 3/3
   519 | D:1      | Reached XP level 2. HP: 22/22 MP: 0/5
   530 | D:1      | Learned a level 2 spell: Searing Ray
   723 | D:1      | Reached skill level 1 in Fighting
  1174 | D:2      | Found an iron altar of Okawaru.
  1252 | D:2      | Reached XP level 3. HP: 28/28 MP: 4/6
  1851 | D:2      | Reached XP level 4. HP: 35/35 MP: 1/7
  1917 | D:2      | Learned a level 4 spell: Fulminant Prism
  2011 | D:2      | Found a stormy altar of Qazlal.
  3376 | D:3      | Found a runed translucent door.
  3377 | D:3      | Noticed Crazy Yiuf
  3703 | D:3      | Reached XP level 5. HP: 39/41 MP: 4/8
  4025 | D:3      | Killed Crazy Yiuf
  4026 | D:3      | Reached skill level 1 in Hexes
  4258 | D:4      | Reached skill level 5 in Conjurations
  4343 | D:4      | Noticed a phantom
  4674 | D:3      | Killed a phantom
  4675 | D:3      | Reached XP level 6. HP: 49/50 MP: 0/10
  4999 | D:4      | Found a glowing silver altar of Zin.
  5389 | D:4      | Learned a level 4 spell: Iskenderun's Mystic Blast
  5436 | D:4      | Your scales start taking on a fiery red colour.
  5436 | D:4      | Reached XP level 7. HP: 56/56 MP: 6/11
  5436 | D:4      | Gained mutation: Your flesh is heat resistant. (rF+) [Red
                  | Draconian growth]
  5611 | D:5      | Entered Level 5 of the Dungeon
  5619 | D:4      | Reached skill level 1 in Translocations
  5631 | D:4      | HP: 2/57 [poisoned by a killer bee]
  5631 | D:4      | Slain by a killer bee

Illustrated notes

Levels and vault maps discovered:
D:1:      scummos_arrival_hexagon, layout_basic
D:2:      layout_loops_ring, okawaru_gym_becter, nicolae_overflow_hidden_temple
D:3:      layout_loops_ring, portal_sewer_entry_e, uniq_crazy_yiuf_cottage
D:4:      layout_basic, zin_treasury
D:5:      layout_rooms, dancing_weapons_uskayaw, general_overflow_altar,
          nicolae_gozag_zags_fifth_avenue, amethyst_overflow_temple_binary,
          minmay_temple_entry_mini_moons, palyth_stone_intersect,
          grunt_decor_mini_mirrors, uniq_sigmund, uniq_blork_the_orc

Skill      XL: |  1  2  3  4  5  6  7 |
---------------+----------------------+-----
Stealth        | 2 3 |  3.4
Dodging        | 2 3 |  3.2
Fighting       | 1 2 3 |  3.1
Hexes          | 1 2 |  2.2
Conjurations   | 5 |  5.9
Spellcasting   | 3 |  3.3
Translocations | 1 |  1.0

Action                   |  1- 3 |  4- 6 |  7- 9 || total
-------------------------+-------+-------+-------++-------
Melee: Unarmed           |    48 |   112 |     6 ||   166
       Tailslap          |     4 |    10 |       ||    14
 Cast: Magic Dart        |    46 |    41 |     2 ||    89
       Searing Ray       |     4 |    27 |     1 ||    32
       Iskenderun's Myst |       |       |     1 ||     1
       Fulminant Prism   |       |       |     1 ||     1
 Abil: Breathe Fire      |       |       |     1 ||     1
 Stab: Sleeping          |       |     4 |       ||     4
Armor: Skin              |    16 |    45 |     5 ||    66
Dodge: Dodged            |    44 |    93 |    15 ||   152
